3AA
NORTONVILLE CHEROKEES @ BELVEDERE PARK RAWHIDES
08/10/2020
 
TOP OF THE 1ST
Nortonville Cherokees batting - Pitching for Belvedere Park Rawhides : RHP Jimmy Whittier
Pitching: RHP Jimmy Whittier
Batting: RHB Armando González 0-0: Ball
1-0: Fly out, F6 (Popup, 6)
Batting: RHB David Sánchez 0-0: Foul Ball, location: 2F
0-1: Called Strike
0-2: Foul Ball, location: 2F
0-2: Ball
1-2: Strikes out swinging
Batting: RHB Claudio Torres 0-0: Called Strike
0-1: Foul Ball, location: 2F
0-2: Ball
1-2: SINGLE (Groundball, 5D)
Batting: RHB Lane Hancock 0-0: Called Strike
0-1: Ball
Claudio Torres steals 2nd base
1-1: Foul Ball, location: 2F
1-2: Fly out, F4 (Popup, 34D)
Top of the 1st over - 0 run(s), 1 hit(s), 0 error(s), 1 left on base; Nortonville 0 - Belvedere Park 0
BOTTOM OF THE 1ST
Belvedere Park Rawhides batting - Pitching for Nortonville Cherokees : RHP Bill Swain
Pitching: RHP Bill Swain
Batting: SHB Ron Bunch 0-0: Ball
1-0: Foul Ball, location: 2F
1-1: Ground out 1-3 (Groundball, 23)
Batting: RHB Victor Haley 0-0: Called Strike
0-1: Ball
1-1: Called Strike
1-2: Foul Ball, location: 2F
1-2: Ball
2-2: Foul Ball, location: 2F
2-2: Foul Ball, location: 2F
2-2: Ball
3-2: Base on Balls
Batting: LHB Kyle Bass 0-0: Ball
1-0: SINGLE (Line Drive, 4D)
Victor Haley to second
Batting: RHB Tracy Parker 0-0: Called Strike
Kyle Bass steals 2nd base
Victor Haley to third
0-1: Ball
1-1: Called Strike
1-2: Ball
2-2: Fly out, F9 (Flyball, 89M)
Runner from 3rd tags up, SCORES, no throw
Batting: LHB Jeff Sharp 0-0: Foul Ball, location: 2F
0-1: Called Strike
0-2: Ball
1-2: Strikes out swinging
Bottom of the 1st over - 1 run(s), 1 hit(s), 0 error(s), 1 left on base; Nortonville 0 - Belvedere Park 1
TOP OF THE 2ND
Nortonville Cherokees batting - Pitching for Belvedere Park Rawhides : RHP Jimmy Whittier
Batting: RHB Thomas Morris 0-0: Called Strike
0-1: Called Strike
0-2: Ball
1-2: Foul Ball, location: 2F
1-2: SINGLE (Groundball, 4MD)
Batting: RHB Joel Lee 0-0: Ball
1-0: Grounds into double play, 5-4-3 (Groundball, 5L)
Batting: SHB Chris Cordell 0-0: Ball
1-0: Foul Ball, location: 2F
1-1: Called Strike
1-2: Ball
2-2: Foul Ball, location: 2F
2-2: Ball
3-2: Foul Ball, location: 2F
3-2: Foul Ball, location: 2F
3-2: Foul Ball, location: 2F
3-2: Ground out 5-3 (Groundball, 5)
Top of the 2nd over - 0 run(s), 1 hit(s), 0 error(s), 0 left on base; Nortonville 0 - Belvedere Park 1
BOTTOM OF THE 2ND
Belvedere Park Rawhides batting - Pitching for Nortonville Cherokees : RHP Bill Swain
Batting: RHB Michael Taylor 0-0: Ball
1-0: Swinging Strike
1-1: Fly out, F9 (Flyball, 9S)
Batting: SHB Jason Alexander 0-0: Called Strike
0-1: Foul Ball, location: 2F
0-2: Strikes out swinging
Batting: SHB Ryan Cook 0-0: Called Strike
0-1: Ground out 1-3 (Groundball, 15S)
Bottom of the 2nd over - 0 run(s), 0 hit(s), 0 error(s), 0 left on base; Nortonville 0 - Belvedere Park 1
TOP OF THE 3RD
Nortonville Cherokees batting - Pitching for Belvedere Park Rawhides : RHP Jimmy Whittier
Batting: RHB Chris Oudekirk 0-0: Foul Ball, location: 2F
0-1: Ball
1-1: Fly out, F8 (Flyball, 8LM)
Batting: LHB Anthony Trigg 0-0: Called Strike
0-1: Ball
1-1: Ball
2-1: Ball
3-1: Base on Balls
Batting: RHB Armando González 0-0: Fly out, F9 (Flyball, 89S)
Batting: RHB David Sánchez 0-0: Foul Ball, location: 2F
0-1: Fielders Choice at 2nd, 5-4 (Groundball, 56)
Top of the 3rd over - 0 run(s), 0 hit(s), 0 error(s), 0 left on base; Nortonville 0 - Belvedere Park 1
BOTTOM OF THE 3RD
Belvedere Park Rawhides batting - Pitching for Nortonville Cherokees : RHP Bill Swain
Batting: RHB Marlon Cummins 0-0: Called Strike
0-1: Ball
1-1: Ground out 4-3 (Groundball, 4M)
Batting: SHB Ron Bunch 0-0: Ball
1-0: Ball
2-0: Called Strike
2-1: Foul Ball, location: 2F
2-2: Foul Ball, location: 2F
2-2: Foul Ball, location: 2F
2-2: Ground out 4-3 (Groundball, 34)
Batting: RHB Victor Haley 0-0: Ball
1-0: Ball
2-0: Ball
3-0: Called Strike
3-1: Called Strike
3-2: Base on Balls
Batting: LHB Kyle Bass 0-0: Called Strike
0-1: Called Strike
0-2: Foul Ball, location: 2F
0-2: Ball
1-2: SINGLE (Groundball, 34)
Victor Haley to second
Runner from 2nd tries for 3rd, SAFE, throw made to third
Batting: RHB Tracy Parker 0-0: Swinging Strike
0-1: Swinging Strike
0-2: Ball
1-2: Foul Ball, location: 2F
1-2: Ground out 4-3 (Groundball, 34)
Bottom of the 3rd over - 0 run(s), 1 hit(s), 0 error(s), 2 left on base; Nortonville 0 - Belvedere Park 1
TOP OF THE 4TH
Nortonville Cherokees batting - Pitching for Belvedere Park Rawhides : RHP Jimmy Whittier
Batting: RHB Claudio Torres 0-0: Swinging Strike
0-1: Ball
1-1: Ball
2-1: Ball
3-1: Called Strike
3-2: Foul Ball, location: 2F
3-2: Strikes out looking
Batting: RHB Lane Hancock 0-0: Ball
1-0: Ball
2-0: Called Strike
2-1: Swinging Strike
2-2: Foul Ball, location: 2F
2-2: Hit by Pitch
Batting: RHB Thomas Morris 0-0: Ball
1-0: Swinging Strike
1-1: Swinging Strike
1-2: Strikes out looking
Batting: RHB Joel Lee 0-0: Ball
1-0: Ball
2-0: Ball
3-0: Called Strike
3-1: Fly out, F2 (Popup, 2L)
Top of the 4th over - 0 run(s), 0 hit(s), 0 error(s), 1 left on base; Nortonville 0 - Belvedere Park 1
BOTTOM OF THE 4TH
Belvedere Park Rawhides batting - Pitching for Nortonville Cherokees : RHP Bill Swain
Batting: LHB Jeff Sharp 0-0: Ball
1-0: Swinging Strike
1-1: Foul Ball, location: 2F
1-2: Strikes out swinging
Batting: RHB Michael Taylor 0-0: Ground out 3-1 (Groundball, 3)
Batting: SHB Jason Alexander 0-0: Ball
1-0: Foul Ball, location: 2F
1-1: Fly out, F3 (Popup, 3SF)
Bottom of the 4th over - 0 run(s), 0 hit(s), 0 error(s), 0 left on base; Nortonville 0 - Belvedere Park 1
TOP OF THE 5TH
Nortonville Cherokees batting - Pitching for Belvedere Park Rawhides : RHP Jimmy Whittier
Batting: SHB Chris Cordell 0-0: Ball
1-0: Ball
2-0: Called Strike
2-1: Fly out, F7 (Flyball, 7LMF)
Batting: RHB Chris Oudekirk 0-0: Ball
1-0: Ball
2-0: Foul Ball, location: 2F
2-1: Ball
3-1: Foul Ball, location: 2F
3-2: Base on Balls
Batting: LHB Anthony Trigg 0-0: Ball
1-0: Grounds into double play, U4-3 (Groundball, 4)
Top of the 5th over - 0 run(s), 0 hit(s), 0 error(s), 0 left on base; Nortonville 0 - Belvedere Park 1
BOTTOM OF THE 5TH
Belvedere Park Rawhides batting - Pitching for Nortonville Cherokees : RHP Bill Swain
Batting: SHB Ryan Cook 0-0: Ball
1-0: Swinging Strike
1-1: Ball
2-1: Ball
3-1: Base on Balls
Batting: RHB Marlon Cummins 0-0: Ball
1-0: Sac Bunt - play at first, batter OUT! 1-4
Ryan Cook to second
Batting: SHB Ron Bunch 0-0: Ball
Wild Pitch!
Ryan Cook to third
1-0: DOUBLE (Line Drive, 89M)
Ryan Cook scores
Batting: RHB Victor Haley 0-0: Called Strike
0-1: Ball
1-1: Ball
2-1: Ball
3-1: Foul Ball, location: 2F
3-2: SINGLE (Line Drive, 34)
Ron Bunch to third
Runner from 3rd tries for Home, SAFE, no throw or cutoff
Batting: LHB Kyle Bass 0-0: Ball
1-0: Ball
2-0: Ball
3-0: Called Strike
3-1: Fly out, F8 (Flyball, 8RM)
Batting: RHB Tracy Parker 0-0: Called Strike
0-1: Ball
1-1: Ball
2-1: Foul Ball, location: 2F
2-2: Ball
3-2: TRIPLE (Line Drive, 9LM)
Victor Haley scores
Batting: LHB Jeff Sharp 0-0: Called Strike
0-1: Ball
1-1: Fly out, F7 (Flyball, 7M)
Bottom of the 5th over - 3 run(s), 3 hit(s), 0 error(s), 1 left on base; Nortonville 0 - Belvedere Park 4
TOP OF THE 6TH
Nortonville Cherokees batting - Pitching for Belvedere Park Rawhides : RHP Jimmy Whittier
Batting: RHB Armando González 0-0: Swinging Strike
0-1: Foul Ball, location: 2F
0-2: Ground out 5-3 (Groundball, 5)
Batting: RHB David Sánchez 0-0: Ball
1-0: Foul Ball, location: 2F
1-1: Ball
2-1: DOUBLE (Line Drive, 78M)
Batting: RHB Claudio Torres 0-0: Called Strike
0-1: Ball
1-1: Called Strike
1-2: Ball
2-2: Ground out 6-3 (Groundball, 6M)
David Sánchez to third
Batting: RHB Lane Hancock 0-0: Ball
1-0: Foul Ball, location: 2F
1-1: Called Strike
1-2: Ball
2-2: Strikes out swinging
Top of the 6th over - 0 run(s), 1 hit(s), 0 error(s), 1 left on base; Nortonville 0 - Belvedere Park 4
BOTTOM OF THE 6TH
Belvedere Park Rawhides batting - Pitching for Nortonville Cherokees : RHP Bill Swain
Batting: RHB Michael Taylor 0-0: Ball
1-0: Called Strike
1-1: Ball
2-1: Ground out 4-3 (Groundball, 4)
Batting: SHB Jason Alexander 0-0: Ball
1-0: Ball
2-0: Ball
3-0: Base on Balls
Batting: SHB Ryan Cook 0-0: Called Strike
0-1: Ball
1-1: Fly out, F5 (Popup, 5SF)
Batting: RHB Marlon Cummins 0-0: Swinging Strike
0-1: Ball
1-1: Ball
2-1: Ball
3-1: Ground out 5-3 (Groundball, 56)
Bottom of the 6th over - 0 run(s), 0 hit(s), 0 error(s), 1 left on base; Nortonville 0 - Belvedere Park 4
TOP OF THE 7TH
Nortonville Cherokees batting - Pitching for Belvedere Park Rawhides : RHP Jimmy Whittier
Batting: RHB Thomas Morris 0-0: Ball
1-0: Foul Ball, location: 2F
1-1: Ball
2-1: Ball
3-1: Foul Ball, location: 2F
3-2: Foul Ball, location: 2F
3-2: Foul Ball, location: 2F
3-2: Fly out, F7 (Flyball, 7LM)
Batting: RHB Joel Lee 0-0: Called Strike
0-1: Foul Ball, location: 2F
0-2: Ball
1-2: Ball
2-2: Ball
3-2: DOUBLE (Line Drive, 89S)
Pitching: RHP John Willis
Batting: SHB Chris Cordell 0-0: Ball
1-0: SINGLE (Line Drive, 56D)
Joel Lee to third
Batting: RHB Chris Oudekirk 0-0: Ball
1-0: Fly out, F7 (Flyball, 7M)
Runner from 3rd tags up, SCORES, throw made
Batting: LHB Anthony Trigg 0-0: Ball
1-0: Called Strike
1-1: Ball
2-1: Fly out, F8 (Flyball, 8RM)
Top of the 7th over - 1 run(s), 2 hit(s), 0 error(s), 1 left on base; Nortonville 1 - Belvedere Park 4
BOTTOM OF THE 7TH
Belvedere Park Rawhides batting - Pitching for Nortonville Cherokees : RHP Bill Swain
Batting: SHB Ron Bunch 0-0: Ball
1-0: Called Strike
1-1: Fly out, F7 (Popup, 6D)
Batting: RHB Victor Haley 0-0: Ball
1-0: Swinging Strike
1-1: Foul Ball, location: 2F
1-2: Foul Ball, location: 2F
1-2: Ball
2-2: Ball
3-2: Foul Ball, location: 2F
3-2: Foul Ball, location: 2F
3-2: Base on Balls
Pitching: RHP Brandeis Göller
Batting: LHB Kyle Bass 0-0: Ball
1-0: Foul Ball, location: 2F
1-1: Foul Ball, location: 2F
1-2: Strikes out swinging
Batting: RHB Tracy Parker 0-0: Called Strike
0-1: Called Strike
0-2: Ground out 1-3 (Groundball, 13)
Bottom of the 7th over - 0 run(s), 0 hit(s), 0 error(s), 1 left on base; Nortonville 1 - Belvedere Park 4
TOP OF THE 8TH
Nortonville Cherokees batting - Pitching for Belvedere Park Rawhides : RHP John Willis
Batting: RHB Armando González 0-0: Fly out, F9 (Flyball, 89M)
Batting: RHB David Sánchez 0-0: Foul Ball, location: 2F
0-1: Ball
1-1: Ball
2-1: Foul Ball, location: 2F
2-2: Foul Ball, location: 2F
2-2: Ball
3-2: Base on Balls
Pitching: RHP Shannon Lambright
Batting: RHB Claudio Torres 0-0: Ball
1-0: Ball
2-0: Ball
3-0: Called Strike
3-1: Called Strike
3-2: Base on Balls
David Sánchez to second
Batting: RHB Lane Hancock 0-0: Swinging Strike
0-1: Ball
1-1: Grounds into double play, 6-4-3 (Groundball, 6)
Top of the 8th over - 0 run(s), 0 hit(s), 0 error(s), 1 left on base; Nortonville 1 - Belvedere Park 4
BOTTOM OF THE 8TH
Belvedere Park Rawhides batting - Pitching for Nortonville Cherokees : RHP Brandeis Göller
Batting: LHB Jeff Sharp 0-0: Ball
1-0: Ball
2-0: Foul Ball, location: 2F
2-1: Foul Ball, location: 2F
2-2: Ground out 4-3 (Groundball, 4)
Batting: RHB Michael Taylor 0-0: Ball
1-0: Swinging Strike
1-1: Fly out, F8 (Flyball, 8RM)
Batting: SHB Jason Alexander 0-0: SINGLE (Groundball, 34D)
Batting: SHB Ryan Cook 0-0: Called Strike
0-1: Called Strike
0-2: Ball
1-2: Strikes out swinging
Bottom of the 8th over - 0 run(s), 1 hit(s), 0 error(s), 1 left on base; Nortonville 1 - Belvedere Park 4
TOP OF THE 9TH
Nortonville Cherokees batting - Pitching for Belvedere Park Rawhides : RHP Shannon Lambright
Pitching: RHP Benjamin Baars
Batting: RHB Thomas Morris 0-0: Ball
1-0: Called Strike
1-1: Swinging Strike
1-2: Ball
2-2: Ground out 6-3 (Groundball, 6)
Batting: RHB Joel Lee 0-0: Foul Ball, location: 2F
0-1: Swinging Strike
0-2: Foul Ball, location: 2F
0-2: Ball
1-2: Foul Ball, location: 2F
1-2: Strikes out swinging
Batting: SHB Chris Cordell 0-0: Ground out 6-3 (Groundball, 6)
Top of the 9th over - 0 run(s), 0 hit(s), 0 error(s), 0 left on base; Nortonville 1 - Belvedere Park 4
This league is powered by Out of the Park Baseball, the baseball management simulation game for PC, Mac and Linux
Friday, October 23rd, 2015 - OOTP Baseball 16.9 Build 39